 Dungeon Crawl Stone Soup version 0.20.1-1-g8b1a95d (webtiles) character file.

14634 vineage the Blocker (level 12, -14/75 HPs)
             Began as a Gargoyle Fighter on Oct 1, 2017.
             Was a High Priest of Okawaru.
             Demolished by an ice devil (18 damage)
             ... summoned by an orc high priest
             ... on level 1 of the Orcish Mines.
             The game lasted 00:23:30 (9291 turns).

vineage the Blocker (Gargoyle Fighter)              Turns: 9291, Time: 00:23:31

Health: -14/75     AC: 18    Str: 20    XL:     12   Next: 18%
Magic:  29/29      EV: 11    Int: 10    God:    Okawaru [*****.]
Gold:   639        SH: 13    Dex:  9    Spells: 21/21 levels left

rFire    . . .     SeeInvis .   k - +5 whip (venom)
rCold    . . .     Gourm    .   c - +1 shield
rNeg     + + .     Faith    .   F - +0 scale mail of Syrim {*Contam MR+++ Regen+ Dex-2}
rPois    ∞         Spirit   .   (no helmet)
rElec    +         Reflect  .   i - +0 cloak
rCorr    .         Harm     .   (no gloves)
MR       +++..                  (no boots)
Stlth    ..........             (no amulet)
Regen    0.0/turn               m - ring of magical power
MPRegen  0.3/turn               v - ring of positive energy

@: berserk cooldown, flying, hasted and slowed
A: clumsy 1, negative energy resistance 1, electricity resistance, inhibited
regeneration, wild magic 1, unbreathing, petrification resistance, rot immunity,
AC +8
a: Heroism, Finesse, Renounce Religion


You were on level 1 of the Orcish Mines.
You worshipped Okawaru.
Okawaru was extremely pleased with you.
You were not hungry.

You visited 3 branches of the dungeon, and saw 11 of its levels.
You also visited: Ossuary.

You collected 1043 gold pieces.
You spent 404 gold pieces at shops.

Inventory:

Hand Weapons
 a - a +0 flail
 k - a +5 whip of venom (weapon)
 N - a +0 scimitar of flaming
Armour
 b - a +0 scale mail
 c - a +1 shield (worn)
 i - a +0 cloak (worn)
 E - a +0 scale mail
 F - the +0 scale mail of Syrim (worn) {*Contam MR+++ Regen+ Dex-2}
   (You bought it in a shop on level 9 of the Dungeon)

   It affects your dexterity (-2).
   It affects your resistance to hostile enchantments.
   It causes magical contamination when unequipped.
   It increases your rate of regeneration.
 M - a +2 robe of cold resistance
Jewellery
 m - a ring of magical power (left hand)
 v - a ring of positive energy (right hand)
 I - a cursed ring of teleportation {unknown}
 J - an uncursed ring of ice {unknown}
Wands
 n - a wand of lightning (9/15)
 q - a wand of polymorph (7/24)
 t - a wand of flame (18/48)
 y - a wand of disintegration (18/24)
 G - a wand of polymorph (9/24)
 H - a wand of iceblast (2/15)
 L - a wand of clouds (4/9)
Scrolls
 d - a scroll of fear
 e - 5 scrolls of remove curse
 g - 5 scrolls of identify
 l - 3 scrolls of amnesia
 w - a scroll of fog
 z - 2 scrolls of enchant weapon
Potions
 r - a potion of brilliance
 B - 11 potions of degeneration
 C - a potion of haste
Comestibles
 f - 9 bread rations
 h - 21 fruits
 s - 8 meat rations
 x - 6 royal jellies


   Skills:
 + Level 8.6 Fighting
 + Level 11.0 Maces & Flails
 + Level 8.6 Armour
 + Level 5.8 Dodging
 + Level 1.3 Stealth
 + Level 11.1 Shields
 + Level 5.4 Spellcasting
 + Level 0.2 Invocations


You had 21 spell levels left.
You didn't know any spells.

Dungeon Overview and Level Annotations

Branches:
Dungeon (9/15)             Temple (1/1) D:5             Orc (1/2) D:9
   Lair: D:8-11

Altars:
Ashenzari
Cheibriados
Dithmenos
Elyvilon
Fedhas
Gozag
Hepliaklqana
Kikubaaqudgha
Makhleb
Nemelex Xobeh
Okawaru
Qazlal
Ru
Sif Muna
Trog
Uskayaw
Vehumet
Xom
Yredelemnul
Zin
The Shining One
Beogh
Lugonu

Shops:
D:5 !   D:8 %   D:9 *


Innate Abilities, Weirdness & Mutations

You are resistant to torment.
Your stone body is resilient. (AC +8)
You are immune to poison.
You resist negative energy. (rN+)
You are resistant to electric shocks. (rElec)
You can survive without breathing.
You are immune to petrification.
You are immune to rotting.
You are clumsy. (Dex -2)
You do not regenerate when monsters are visible.
Your spells are a little harder to cast, but a little more powerful.


Message History

The ogre closely misses you. The ynoxinul barely misses you.
You hit the orc high priest.
The orc high priest looks as sick as possible!
The orc high priest is almost dead.
The ufetubus misses you. You block the ufetubus's attack.
The ufetubus hits you but does no damage.
You block the ufetubus's attack. You block the ice devil's attack.
You barely miss the orc high priest.
The orc high priest is almost dead.
You block the ufetubus's attack. x2; The orc high priest barely misses you.
The ufetubus hits you.
* * * LOW HITPOINT WARNING * * *
The ufetubus barely misses you. The ynoxinul closely misses you.
The ogre barely misses you.
You hit the orc high priest.
The orc high priest is almost dead.
You block the ufetubus's attack. x2; The ice devil hits you.
* * * LOW HITPOINT WARNING * * *
The ice devil freezes you!!
You die...

..............#.................#
...>..........#..#$.#######..#..#
##............#..[).#8.. .....#
.............##.)...#... #
#.............#..#..'.._.. #
..............#.....#..... #
..#...........#55...#..... #
###...........#3o#..##'''# #
####..........#5@O5....... #
#.##.........##5.4........ #
........|#....#..8..#..#.. #
#.#..#...#..###........... #
##...##...<.# #........... #
##.####.#.## ###################
### ##### ##.##...... #..........
##......#...


You could see an orc high priest, an ice devil, a ynoxinul, an ogre and 5
ufetubi.

Vanquished Creatures
  A stone giant (Orc:1)
  Fannar (Orc:1)
  A hydra (D:8)
  Erica (Orc:1)
  An orc high priest (Orc:1)
  The ghost of tmwrnj the Cleaver, a novice HOFi of Beogh (D:7)
  An orc sorcerer (Orc:1)
  Joseph (D:9)
  The ghost of rollingbeatlefloyd the Shield-Bearer, a novice MiFi of Trog (D:4)
  A troll (Orc:1)
  2 dream sheep (D:8)
  7 yaks
  2 wargs (Orc:1)
  The ghost of vineage the Shield-Bearer, an amateur GrFi (D:3)
  An ice beast (D:6)
  8 orc warriors
  A swamp drake (D:9)
  2 sky beasts
  An eye of draining (D:6)
  A black bear (D:8)
  3 phantoms
  10 ogres
  2 centaurs
  A necrophage (D:9)
  3 big kobolds (D:8)
  A bullfrog (D:9)
  11 killer bees
  12 wights
  3 howler monkeys (D:8)
  7 crimson imps
  2 bullfrog zombies
  A centaur zombie (Ossuary)
  4 hounds
  A human zombie (Ossuary)
  15 orc priests
  A centaur skeleton (D:6)
  A jelly (D:6)
  5 worker ants
  3 iguanas
  6 orc wizards
  Natasha (thrice) (D:2)
  3 big kobold zombies (Ossuary)
  A hound zombie (Ossuary)
  3 mummies (Ossuary)
  A worker ant zombie (D:9)
  14 gnolls
  7 adders
  A shadow imp (D:6)
  2 oozes
  4 adder zombies (Ossuary)
  An adder skeleton (D:7)
  2 worms
  2 dart slugs (D:3)
  7 leopard geckos
  49 orcs
  2 ball pythons
  10 bats
  9 giant cockroaches
  2 gnoll zombies (Ossuary)
  6 goblins
  7 hobgoblins
  5 jackals
  2 quokkas
  A ball python zombie (D:6)
  3 frilled lizards (D:1)
  2 goblin zombies (Ossuary)
  3 hobgoblin zombies (Ossuary)
  A jackal skeleton (D:5)
  5 jackal zombies (Ossuary)
  15 kobolds
  2 kobold zombies (Ossuary)
  A leopard gecko zombie (D:6)
  2 orc zombies (Ossuary)
  2 quokka skeletons
  4 quokka zombies (Ossuary)
  10 rats
  5 rat zombies
327 creatures vanquished.

Notes
Turn   | Place    | Note
-------+----------+-------------------------------------------
     0 | D:1      | vineage the Gargoyle Fighter began the quest for the Orb.
     0 | D:1      | Reached XP level 1. HP: 14/14 MP: 1/1
   120 | D:1      | Reached XP level 2. HP: 19/19 MP: 2/2
   608 | D:1      | Reached XP level 3. HP: 24/24 MP: 3/3
   952 | D:2      | Noticed Natasha
   962 | D:2      | Killed Natasha
   962 | D:2      | Reached XP level 4. HP: 29/29 MP: 4/4
  1448 | D:2      | Noticed Natasha
  1457 | D:2      | Killed Natasha
  1492 | D:2      | Gained mutation: You tend to lose your temper in combat. [potion of mutation]
  1492 | D:2      | Gained mutation: You are partially covered in icy blue scales. (AC +2) [potion of mutation]
  1499 | D:2      | Noticed Natasha
  1514 | D:2      | Killed Natasha
  1514 | D:2      | Reached XP level 5. HP: 30/33 MP: 5/5
  1541 | D:3      | Found a glowing silver altar of Zin.
  1547 | D:3      | Noticed an angel
  1555 | D:3      | Found a shimmering altar of Xom.
  1633 | D:3      | Found an opulent altar of Gozag.
  1815 | D:3      | Noticed vineage's ghost (amateur GrFi)
  1842 | D:3      | Killed vineage's ghost
  1842 | D:3      | Reached skill level 1 in Dodging
  1842 | D:3      | Reached XP level 6. HP: 27/38 MP: 6/6
  2300 | D:4      | Noticed rollingbeatlefloyd's ghost (novice MiFi)
  2333 | D:4      | Killed rollingbeatlefloyd's ghost
  2333 | D:4      | Reached skill level 5 in Maces & Flails
  2333 | D:4      | Reached skill level 5 in Shields
  2333 | D:4      | Reached XP level 7. HP: 39/44 MP: 7/7
  2457 | D:4      | Reached XP level 8. HP: 29/48 MP: 8/8
  2678 | D:4      | Found a sparkling altar of Nemelex Xobeh.
  2682 | D:4      | Found a stormy altar of Qazlal.
  2682 | D:4      | Found an opulent altar of Gozag.
  2682 | D:4      | Found an iron altar of Okawaru.
  2683 | D:4      | Found a snail-covered altar of Cheibriados.
  2744 | D:4      | Reached skill level 5 in Armour
  3027 | D:4      | Found a blossoming altar of Fedhas.
  3154 | D:5      | Entered Level 5 of the Dungeon
  3252 | D:5      | Found a staircase to the Ecumenical Temple.
  3263 | Temple   | Entered the Ecumenical Temple
  3418 | D:5      | Reached skill level 5 in Fighting
  3484 | D:5      | Found Noillaf's Distillery.
  3515 | D:5      | Bought 2 potions of mutation for 224 gold pieces
  3515 | D:5      | Lost mutation: You tend to lose your temper in combat. [potion of mutation]
  3515 | D:5      | Lost mutation: You are partially covered in icy blue scales. (AC +2) [potion of mutation]
  3515 | D:5      | Gained mutation: You are somewhat resistant to further mutation. [potion of mutation]
  3515 | D:5      | Gained mutation: You are agile. (Dex +2) [potion of mutation]
  3515 | D:5      | Gained mutation: Your muscles are strong. (Str +2) [potion of mutation]
  3843 | D:5      | Found a deep blue altar of Sif Muna.
  3990 | D:6      | Found a radiant altar of Vehumet.
  4073 | D:6      | Gained mutation: You have large cloven feet. [mutagenic meat]
  4074 | D:6      | Lost mutation: Your muscles are strong. (Str +2) [mutagenic meat]
  4076 | D:6      | Lost mutation: You are agile. (Dex +2) [potion of mutation]
  4076 | D:6      | Lost mutation: You are somewhat resistant to further mutation. [potion of mutation]
  4076 | D:6      | Lost mutation: You have large cloven feet. [potion of mutation]
  4076 | D:6      | Gained mutation: You are resistant to hostile enchantments. (MR+) [potion of mutation]
  4076 | D:6      | Gained mutation: You can translocate small distances at will. [potion of mutation]
  4077 | D:6      | Lost mutation: You can translocate small distances at will. [potion of mutation]
  4077 | D:6      | Lost mutation: You are resistant to hostile enchantments. (MR+) [potion of mutation]
  4077 | D:6      | Gained mutation: You do not regenerate when monsters are visible. [potion of mutation]
  4077 | D:6      | Gained mutation: Your spells are a little harder to cast, but a little more powerful. [potion of mutation]
  4180 | D:6      | Found a sand-covered staircase.
  4188 | Ossuary  | Entered an ossuary
  4535 | D:6      | Reached skill level 5 in Spellcasting
  4535 | D:6      | Reached XP level 9. HP: 44/57 MP: 17/17
  4886 | D:6      | Reached XP level 10. HP: 63/63 MP: 13/18
  5145 | D:6      | Found a sacrificial altar of Ru.
  5377 | D:7      | Found a shadowy altar of Dithmenos.
  5519 | D:7      | Found a hazy altar of Hepliaklqana.
  5839 | D:7      | Noticed tmwrnj's ghost (novice HOFi)
  5865 | D:7      | Killed tmwrnj's ghost
  6564 | D:4      | Became a worshipper of Warmaster Okawaru
  6824 | D:8      | Reached * piety under Okawaru
  6841 | D:8      | Reached XP level 11. HP: 63/67 MP: 19/19
  6900 | D:8      | Noticed a three-headed hydra
  6915 | D:8      | Killed a three-headed hydra
  6915 | D:8      | Reached skill level 5 in Dodging
  7017 | D:8      | Found a burning altar of Makhleb.
  7352 | D:8      | Found Fots's Food Shop.
  7497 | D:9      | Reached ** piety under Okawaru
  7528 | D:9      | Reached skill level 10 in Maces & Flails
  7528 | D:9      | Reached skill level 10 in Shields
  7538 | D:9      | Found Qiocracomp's Assorted Antiques.
  7546 | D:9      | Bought a steaming scale mail for 180 gold pieces
  7556 | D:9      | Identified the +0 scale mail of Syrim {*Contam MR+++ Regen+ Dex-2} (You bought it in a shop on level 9 of the Dungeon)
  7603 | D:9      | Found a staircase to the Orcish Mines.
  7682 | D:9      | Found a white marble altar of Elyvilon.
  7695 | D:9      | Gained mutation: You are clumsy. (Dex -2) [mutagenic meat]
  8056 | D:9      | Noticed Joseph
  8107 | D:9      | Killed Joseph
  8125 | D:9      | Reached *** piety under Okawaru
  8304 | Orc:1    | Entered Level 1 of the Orcish Mines
  8304 | Orc:1    | Noticed Fannar
  8346 | Orc:1    | Killed Fannar
  8359 | Orc:1    | Noticed Erica
  8383 | Orc:1    | Killed Erica
  8504 | Orc:1    | Reached **** piety under Okawaru
  8671 | Orc:1    | Noticed a stone giant
  8672 | Orc:1    | Noticed an orc sorcerer
  8710 | Orc:1    | Killed a stone giant
  8900 | Orc:1    | Noticed an orc high priest
  8933 | Orc:1    | Killed an orc high priest
  8933 | Orc:1    | Reached ***** piety under Okawaru
  8933 | Orc:1    | Reached skill level 1 in Stealth
  8933 | Orc:1    | Reached XP level 12. HP: 44/75 MP: 20/20
  9185 | Orc:1    | Found a roughly hewn altar of Beogh.
  9255 | Orc:1    | Noticed an orc high priest
  9291 | Orc:1    | Demolished by an ice devil

Skill      XL: |  1  2  3  4  5  6  7  8  9 10 11 12 |
---------------+-------------------------------------+-----
Fighting       | 4 7 8 |  8.6
Shields        | 4 5 8 9 11 | 11.1
Maces & Flails | 3 4 5 8 9 10 11 | 11.0
Armour         | 4 7 8 |  8.6
Dodging        | 1 4 5 |  5.8
Spellcasting   | 5 |  5.4
Stealth        | 1 |  1.3
Invocations    | |  0.2

Action                   |  1- 3 |  4- 6 |  7- 9 | 10-12 || total
-------------------------+-------+-------+-------+-------++-------
Melee: Flail             |    97 |       |       |       ||    97
       Whip              |    22 |   180 |   325 |   909 ||  1436
Invok: Heroism           |       |       |       |     4 ||     4
  Use: Scroll            |       |     5 |    14 |     4 ||    23
       Potion            |       |     4 |     4 |    13 ||    21
  Eat: Chunk             |       |     4 |    10 |    15 ||    29
       Royal jelly       |       |       |     1 |       ||     1
       Fruit             |       |       |       |     3 ||     3
Armor: Scale mail        |    44 |    69 |    82 |   232 ||   427
       Skin              |       |       |       |     1 ||     1
Dodge: Dodged            |    44 |    41 |    62 |   243 ||   390
Block: Shield            |    78 |    69 |   129 |   433 ||   709
